 Dungeon Crawl Stone Soup version 0.31-a0-1074-g0b22e4e0f1 (webtiles) character file.

Game seed: 9256538231440595495

0 sammy202020 the Shield-Bearer (level 1, -3/19 HPs)
             Began as a Minotaur Fighter on Nov 29, 2023.
             Succumbed to a kobold's poison
             ... on level 1 of the Dungeon.
             The game lasted 00:00:09 (34 turns).

sammy202020 the Shield-Bearer (Minotaur Fighter)      Turns: 34, Time: 00:00:10

Health: -3/19      AC:  6    Str: 20    XL:     1   Next: 8%
Magic:  0/0        EV:  9    Int:  5    God:
Gold:   0          SH:  4    Dex:  9    Spells: 0/0 levels left

rFire   . . .        a - +0 flail
rCold   . . .        c - +0 buckler
rNeg    . . .        b - +0 scale mail
rPois   .            (helmet restricted)
rElec   .            (no cloak)
rCorr   .            (no gloves)
SInv    .            (no boots)
Will    .....        (no amulet) Stlth
                     (no ring)
HPRegen 0.23/turn    (no ring)
MPRegen 0.07/turn

%: no passive effects
@: mighty, lethally poisoned (-3 -> -20)
A: horns 2, retaliatory headbutt
a: no special abilities


You were on level 1 of the Dungeon.
You visited 1 branch of the dungeon, and saw 1 of its levels.

Inventory:

Hand Weapons
 a - a +0 flail (weapon)
Armour
 b - a +0 scale mail (worn)
 c - a +0 buckler (worn)


   Skills:
 * Level 3.6 Fighting
 * Level 2.4 Maces & Flails
 * Level 3.6 Armour
 + Level 0.0 Dodging
 * Level 3.6 Shields


You couldn't memorise any spells.
You didn't know any spells.
Your spell library was empty.

Dungeon Overview and Level Annotations

Branches:
Dungeon (1/15)

Altars:


Innate Abilities, Weirdness & Mutations

You have a pair of horns on your head.
You reflexively headbutt those who attack you in melee.


Message History

Found a deep dwarf skeleton.
You see here a deep dwarf skeleton.
You see here a deep dwarf skeleton.
A malevolent force fills the Dungeon... and a teleportation trap spontaneously manifests!
You are yanked towards some nearby monsters!
Your surroundings suddenly seem different.
A ball python, a giant cockroach and a kobold come into view.
The kobold is wielding a +2 dagger of venom.
Found a stone staircase leading down.
The ball python hisses angrily.
The kobold shouts!
The kobold hits you with a +2 dagger of venom.
You are poisoned.
You barely miss the kobold.
You feel very sick.
The giant cockroach waves its antennae.
The giant cockroach barely misses you. The kobold hits you but does no damage.
You are lethally poisoned!
You sock the ball python!
You kill the ball python!
You feel very sick. You block the giant cockroach's attack.
The kobold hits you but does no damage.
You are more poisoned.
You closely miss the kobold.
* * * LOW HITPOINT WARNING * * *
You feel extremely sick.
The giant cockroach bites you but does no damage.
The kobold closely misses you.
The giant cockroach bites you but does no damage.
You block the kobold's attack.
Unknown command.
You feel very mighty all of a sudden.
* * * LOW HITPOINT WARNING * * *
You feel very sick.
The giant cockroach bites you but does no damage.
The kobold hits you but does no damage.
You are more poisoned.
Unknown command.
You closely miss the kobold. You headbutt the kobold.
You kill the kobold!
You die...

## .#
##.###
#.... #
#..#
#####.#B.#
.......@.#
......)..#
.........#
.....>....
.......###.
....... .#
#####+# +


You could see a giant cockroach.

Vanquished Creatures
  A ball python (D:1)
  A kobold (D:1)
2 creatures vanquished.

Notes
Turn   | Place    | Note
-------+----------+-------------------------------------------
     0 | D:1      | sammy202020 the Minotaur Fighter began the quest for the
                  | Orb.
     0 | D:1      | Reached XP level 1. HP: 19/19 MP: 0/0
    34 | D:1      | Succumbed to a kobold's poison

Illustrated notes

Levels and vault maps discovered:
D:1:      amcnicky_arrival_wind_blow, layout_basic, minmay_small_reverse_x

Action                     || total
---------------------------++-------
  Melee: Flail             ||     4
         Headbutt          ||     1
    Use: Potion            ||     1
 Armour: Scale mail        ||     7
  Dodge: Dodged            ||     2
  Block: Buckler           ||     2

Table legend: (Time is in decaauts)
 A = Elapsed time spent in this place.
 B = Non-inter-level travel time spent in this place.
 C = Inter-level travel time spent in this place.
 D = Time resting spent in this place.
 E = Time spent auto-exploring this place.
 F = Levels seen in this place.
 G = Mean time per level.
                   A        B        C        D        E       F      G
               +--------+--------+--------+--------+--------+-----+--------+
         Total |     35 |     35 |      0 |      0 |     27 |   1 |   35.0 |
       Dungeon |     35 |     35 |      0 |      0 |     27 |   1 |   35.0 |
               +--------+--------+--------+--------+--------+-----+--------+

Top non-repeatable levels by time:
     D:1: 35 daAuts
